 Dungeon Crawl Stone Soup version 0.22.1-2-g9c5b331 (webtiles) character file.

844 Iscandelvey the Chopper (level 7, 30/64 HPs)
             Began as a Deep Dwarf Fighter on Dec 4, 2018.
             Got out of the dungeon alive.
             The game lasted 00:10:25 (3066 turns).

Iscandelvey the Chopper (Deep Dwarf Fighter)        Turns: 3066, Time: 00:10:26

Health: 30/64      AC:  7    Str: 21    XL:     7   Next: 68%
Magic:  4/4        EV:  9    Int:  9    God:
Gold:   279        SH: 10    Dex: 12    Spells: 6/6 levels left

rFire    . . .     SeeInvis .   a - +0 war axe
rCold    . . .     Gourm    .   c - +0 shield
rNeg     . . .     Faith    .   b - +0 scale mail
rPois    .         Spirit   .   (no helmet)
rElec    .         Reflect  .   (no cloak)
rCorr    .         Harm     +   (no gloves)
MR       +....                  (no boots)
Stlth    ..........             g - amulet of harm
HPRegen  0.00/turn              (no ring)
MPRegen  0.09/turn              (no ring)

@: non-regenerating
A: damage resistance, heal wounds, sense surroundings 1, no regeneration
a: Heal Wounds


You escaped.
You were not hungry.

You visited 1 branch of the dungeon, and saw 5 of its levels.

You collected 279 gold pieces.

Inventory:

Hand Weapons
 a - a +0 war axe (weapon)
Armour
 b - a +0 scale mail (worn)
 c - a +0 shield (worn)
Jewellery
 g - an amulet of harm (around neck)
 j - a +3 ring of dexterity {unknown}
 q - an uncursed amulet of regeneration {unknown}
 w - a cursed amulet of inaccuracy {unknown}
Scrolls
 i - 3 scrolls of remove curse {unknown}
 l - a scroll of random uselessness {unknown}
 x - 2 scrolls of identify {unknown}
 y - a scroll of teleportation {unknown}
 B - a scroll of fog {unknown}
 D - a scroll of magic mapping {unknown}
Potions
 d - 2 potions of might
 e - a potion of heal wounds {unknown}
 h - a potion of berserk rage {unknown}
 k - a potion of invisibility {unknown}
 m - a potion of magic {unknown}
 n - a potion of brilliance {unknown}
 o - 3 potions of agility {unknown}
 p - a potion of resistance {unknown}
 r - a potion of cancellation {unknown}
 s - a potion of flight {unknown}
 t - a potion of mutation {unknown}
 u - a potion of curing {unknown}
 v - 3 potions of haste {unknown}
 z - 2 potions of degeneration {unknown}
 C - a potion of lignification {unknown}
Comestibles
 f - 8 rations
 A - a chunk of flesh


   Skills:
 * Level 4.0 Fighting
 * Level 6.4 Axes
 * Level 5.1 Armour
 * Level 2.8 Dodging
 + Level 0.1 Stealth
 * Level 5.1 Shields


You had 6 spell levels left.
You didn't know any spells.
Your spell library was empty.

Dungeon Overview and Level Annotations

Branches:
Dungeon (5/15)
 Temple: D:4-7

Altars:
Fedhas
Trog

Shops:
D:4 *


Innate Abilities, Weirdness & Mutations

You are resistant to damage.
You can heal yourself by infusing magical energy.
You passively map a small area around you.
You do not regenerate.


Message History

There is a stone staircase leading up here.
You climb upwards.
There is a stone staircase leading down here.
There is a stone staircase leading up here.
You climb upwards.
There is a stone staircase leading down here.
There is a stone staircase leading up here.
You climb upwards.
There is a stone staircase leading down here.
Things that are here:
a club x2; a kobold skeleton
There is an open door here.
Eating one of 2 chunks of flesh.
You eat one of the 2 chunks of flesh.
This raw flesh tastes terrible.
There is a stone staircase leading up here.
You climb upwards.
There is a stone staircase leading down here.
There is a staircase leading out of the dungeon here.
Are you sure you want to leave the Dungeon?
This will make you lose the game!
You have escaped!

#.####.##.#...#
..............#########
....^#................##
#.##.####..[♣♣♣♣♣♣♣♣♣..#
########
#.#...###..♣..PP..PP♣..#
#.......
#..###.##..♣...P..PP♣..#
#.###### #.##
##....♣P...PP..♣..# #.# #.#
#.##.♣PP...P..♣..###.# #.##
##....♣..P.@.PP♣......#
##.###.##..♣..PP...P♣..###.#
##...###..♣PP..P...♣..###.#
####.## #..♣PP..PP..♣..#...#
...÷.# #..♣♣♣♣♣♣♣♣♣.......#
######
#..............#.#.######
#....####..#.............
#..........#.#.#.#.#.####
#...÷###...#.##....#.#


There were no monsters in sight!

Vanquished Creatures
  A sky beast (D:5)
  An ogre (D:4)
  An ice beast (D:5)
  A phantom (D:4)
  A bullfrog zombie (D:5)
  2 centaur skeletons (D:5)
  A bullfrog skeleton (D:5)
  4 orc wizards
  3 worker ants
  An iguana (D:4)
  A gnoll (D:1)
  5 adders
  2 oozes
  6 worms
  A dart slug (D:1)
  3 leopard geckos
  3 orcs (D:3)
  5 giant cockroaches
  7 goblins
  3 hobgoblins
  7 jackals
  A quokka (D:2)
  A ball python (D:3)
  5 bats
  4 frilled lizards
  A jackal skeleton (D:5)
  A jackal zombie (D:5)
  6 kobolds
  7 rats
85 creatures vanquished.

Notes
Turn   | Place    | Note
-------+----------+-------------------------------------------
     0 | D:1      | Iscandelvey the Deep Dwarf Fighter began the quest for the
                  | Orb.
     0 | D:1      | Reached XP level 1. HP: 20/20 MP: 1/1
   155 | D:1      | Reached XP level 2. HP: 27/27 MP: 2/2
   318 | D:1      | Reached XP level 3. HP: 27/34 MP: 3/3
   675 | D:2      | Reached skill level 3 in Axes
  1118 | D:2      | Reached XP level 4. HP: 24/42 MP: 4/4
  1225 | D:3      | Reached skill level 1 in Dodging
  1862 | D:4      | Reached XP level 5. HP: 18/49 MP: 5/5
  1917 | D:4      | Reached skill level 4 in Axes
  2008 | D:4      | Found a blossoming altar of Fedhas.
  2019 | D:4      | Noticed a phantom
  2045 | D:4      | Killed a phantom
  2045 | D:4      | Reached skill level 5 in Axes
  2045 | D:4      | Reached XP level 6. HP: 19/56 MP: 5/5
  2092 | D:4      | HP: 1/56 [ogre/giant club (11)]
  2220 | D:4      | Found Ybyt's General Store.
  2405 | D:5      | Entered Level 5 of the Dungeon
  2447 | D:5      | Noticed an ice beast
  2455 | D:5      | Killed an ice beast
  2455 | D:5      | Reached XP level 7. HP: 42/63 MP: 4/4
  2489 | D:5      | Reached skill level 6 in Axes
  2664 | D:5      | Reached skill level 5 in Armour
  2664 | D:5      | Reached skill level 5 in Shields
  2685 | D:5      | Found a bloodstained altar of Trog.
  3066 | D:$      | Got out of the dungeon alive.

Skill      XL: |  1  2  3  4  5  6  7 |
---------------+----------------------+-----
Fighting       | 3 4 |  4.0
Axes           | 3 5 6 |  6.4
Dodging        | 1 2 |  2.8
Shields        | 4 5 |  5.1
Armour         | 4 5 |  5.1
Stealth        | |  0.1

Action                   |  1- 3 |  4- 6 |  7- 9 || total
-------------------------+-------+-------+-------++-------
Melee: War axe           |   120 |   128 |    56 ||   304
 Abil: Heal Wounds       |       |     6 |     1 ||     7
  Eat: Chunk             |     1 |     4 |     3 ||     8
Armor: Scale mail        |    50 |    36 |    23 ||   109
Dodge: Dodged            |    36 |    36 |    23 ||    95
Block: Shield            |    71 |    55 |    39 ||   165
